 Dungeon Crawl Stone Soup version 0.30-a0-137-gd8773701ce (webtiles) character file.

Game seed: 12994311768995263942

185 IdlyInterested the Sneak (level 5, -3/41 HPs)
             Began as a Demonspawn Gladiator on Sept 22, 2022.
             Killed by nerve-wracking pain
             ... invoked by Grinder
              (10 damage)
             ... on level 4 of the Dungeon.
             The game lasted 00:10:16 (3394 turns).

IdlyInterested the Sneak (Demonspawn Gladiator)     Turns: 3394, Time: 00:10:17

Health: -3/41      AC:  6    Str: 14    XL:     5   Next: 37%
Magic:  5/5        EV: 12    Int: 16    God:
Gold:   111        SH:  0    Dex: 18    Spells: 4/4 levels left

rFire   . . .      SeeInvis .    a - +3 rapier
rCold   . . .      Faith    .    (no shield)
rNeg    . . .      Spirit   .    n - +0 ring mail
rPois   .          Reflect  .    (helmet restricted)
rElec   .          Harm     .    i - scarf {+Inv}
rCorr   .          Rampage  .    w - +0 pair of gloves
Will    .....                    (no boots)
Stlth   +++.......               (no amulet)
HPRegen 0.13/turn                l - +6 ring of intelligence
MPRegen 0.09/turn                (no ring)

@: mighty
A: antennae 2, thin skeletal structure 1
a: Evoke Invisibility


You were on level 4 of the Dungeon.
You visited 1 branch of the dungeon, and saw 4 of its levels.

You collected 111 gold pieces.

Inventory:

Hand Weapons
 a - a +3 rapier (weapon)
 v - a +0 dagger
Missiles
 d - 3 throwing nets (quivered)
 e - a javelin
Armour
 b - a +0 leather armour
 g - a +0 robe
 i - a scarf of invisibility (worn)
 n - a +0 ring mail (worn)
 r - a +0 scale mail
 w - a +0 pair of gloves (worn)
Magical Staves
 q - a staff of cold
Jewellery
 l - a +6 ring of intelligence (left hand)
Scrolls
 c - a scroll of magic mapping
 j - 2 scrolls of immolation
 p - a scroll of summoning
Potions
 h - 2 potions of haste
 k - a potion of attraction
 m - a potion of mutation
 s - a potion of magic
 u - a potion of cancellation {unknown}
 z - a potion of lignification {unknown}
 A - a potion of resistance {unknown}


   Skills:
 - Level 3.0 Fighting
 - Level 3.0 Short Blades
 + Level 2.2 Throwing
 - Level 3.0 Dodging
 + Level 3.2 Stealth
 * Level 2.0 Evocations


You had 4 spell levels left.
You didn't know any spells.
Your spell library contained the following spells:

 Spells                   Type           Power      Damage    Failure   Level
 Ensorcelled Hibernation  Hex/Ice        0%         N/A       61%         2
 Passwall                 Tmut/Erth      0%         N/A       61%         2
 Stone Arrow              Conj/Erth      0%         3d7       83%         3
 Swiftness                Air            0%         N/A       83%         3
 Animate Armour           Summ/Erth      0%         N/A       99%         4
 Lehudib's Crystal Spear  Conj/Erth      0%         10d2      100%        8


Dungeon Overview and Level Annotations

Branches:
Dungeon (4/15)
 Temple: D:4-7

Altars:

Annotations:
D:4 Grinder


Innate Abilities, Weirdness & Mutations

You have a pair of antennae on your head.
You have a somewhat thin skeletal structure. (Dex +2, Stealth+)


Message History

The hobgoblin barely misses you. The endoplasm freezes you.
You are frozen.
Grinder gestures at you. Pain shoots through your body!
The endoplasm freezes you.
You are frozen.
* * * LOW HITPOINT WARNING * * *
You see here a dart slug corpse.
The hobgoblin attacks as you move away! The hobgoblin closely misses you.
Grinder gestures at you.
You barely resist.
There is a stone staircase leading up here.
You feel better.
The ball python hisses angrily.
The endoplasm freezes you.
You are frozen.
You puncture the endoplasm!
You kill the endoplasm!
You puncture the hobgoblin!
You kill the hobgoblin!
You puncture the kobold!
You kill the kobold!
Your Evocations skill increases to level 2!
Okay, then.
You puncture the ball python!
You kill the ball python!
Grinder hits you.
You writhe in agony.
You hit Grinder.
Grinder is severely wounded.
Grinder hits you!
* * * LOW HITPOINT WARNING * * *
You closely miss Grinder.
Grinder is severely wounded.
Grinder hits you but does no damage.
You puncture Grinder!
Grinder is almost dead.
Grinder gestures at you. Pain shoots through your body!
You die...

#......#
#....#.##
#.......#
#.......##
#..#.#...#
#.).†....#
#..#)#..##
#<5#<#..#
#..@....#
##.......#
###.....#
###.###
... ####


You could see Grinder.

Vanquished Creatures
  Crazy Yiuf (D:3)
  An iguana (D:3)
  5 adders
  2 worms (D:2)
  3 dart slugs
  An orc (D:4)
  8 ball pythons
  5 bats
  8 endoplasms
  2 giant cockroaches (D:1)
  4 goblins
  4 hobgoblins
  2 jackals (D:1)
  4 quokkas
  A frilled lizard (D:2)
  8 kobolds
  9 rats
68 creatures vanquished.

Notes
Turn   | Place    | Note
-------+----------+-------------------------------------------
     0 | D:1      | IdlyInterested the Demonspawn Gladiator began the quest for
                  | the Orb.
     0 | D:1      | Reached XP level 1. HP: 16/16 MP: 1/1
   262 | D:1      | Reached skill level 1 in Stealth
   262 | D:1      | Gained mutation: You have a somewhat thin skeletal
                  | structure. (Dex +2, Stealth+) [demonic ancestry]
   262 | D:1      | Reached XP level 2. HP: 16/23 MP: 2/2
   580 | D:1      | Found a faded altar of an unknown god.
  1321 | D:2      | Gained mutation: You have a pair of small antennae on your
                  | head. [demonic ancestry]
  1321 | D:2      | Reached XP level 3. HP: 28/28 MP: 3/3
  2137 | D:2      | Reached XP level 4. HP: 35/35 MP: 4/4
  2445 | D:3      | Reached skill level 1 in Evocations
  2753 | D:3      | Found a runed translucent door.
  2754 | D:3      | Noticed Crazy Yiuf
  3194 | D:3      | Killed Crazy Yiuf
  3195 | D:3      | Gained mutation: You have a pair of antennae on your head.
                  | [demonic ancestry]
  3195 | D:3      | Reached XP level 5. HP: 41/41 MP: 5/5
  3366 | D:4      | Noticed Grinder
  3377 | D:4      | Paralysed by Grinder for 4 turns
  3379 | D:4      | HP: 2/41 [Grinder (3)]
  3394 | D:4      | Killed from afar by Grinder

Illustrated notes

Levels and vault maps discovered:
D:1:      zelgadis_glass_arrival_large, layout_loops_ring,
          basic_ecumenical_altar, minmay_misc_feat_tower,
          hangedman_decor_growths, minmay_3d_cube
D:2:      layout_loops_ring
D:3:      layout_basic, grunt_ministairs_2, minmay_misc_feat_rows,
          uniq_crazy_yiuf_cottage
D:4:      layout_loops_ring, nicolae_overflow_hidden_temple, temple_pool_b,
          uniq_menkaure, uniq_grinder

Skill      XL: |  1  2  3  4  5 |
---------------+----------------+-----
Stealth        | 1 2 3 |  3.2
Short Blades   | 3 |  3.0
Fighting       | 3 |  3.0
Dodging        | 3 |  3.0
Evocations     | 1 2 |  2.0
Throwing       | 2 |  2.2

Action                   |  1- 3 |  4- 6 || total
-------------------------+-------+-------++-------
Melee: Rapier            |    94 |    67 ||   161
       Punch             |       |     1 ||     1
Throw: Throwing net      |       |     1 ||     1
  Use: Scroll            |     9 |     5 ||    14
       Potion            |       |     5 ||     5
 Stab: Sleeping          |    10 |     7 ||    17
       Distracted        |       |     1 ||     1
       Held in net/web   |       |     1 ||     1
Armor: Leather armour    |     7 |       ||     7
       Robe              |     4 |       ||     4
       Ring mail         |     8 |    25 ||    33
Dodge: Dodged            |    47 |    46 ||    93

Table legend: (Time is in decaauts)
 A = Elapsed time spent in this place.
 B = Non-inter-level travel time spent in this place.
 C = Inter-level travel time spent in this place.
 D = Time resting spent in this place.
 E = Time spent auto-exploring this place.
 F = Levels seen in this place.
 G = Mean time per level.
                   A        B        C        D        E       F      G
               +--------+--------+--------+--------+--------+-----+--------+
         Total |   3387 |   2919 |    468 |    728 |   1386 |   4 |  846.8 |
       Dungeon |   3387 |   2919 |    468 |    728 |   1386 |   4 |  846.8 |
               +--------+--------+--------+--------+--------+-----+--------+

Top non-repeatable levels by time:
     D:1: 1218 daAuts
     D:2: 1207 daAuts
     D:3: 930 daAuts
     D:4: 31 daAuts
